[Event "New York Spring IM-C 2022"]
[Site "New York"]
[Date "2022.04.17"]
[Round "6.5"]
[White "Chasin, Nico"]
[Black "Dolgitser, Konstantin"]
[Result "1-0"]
[ECO "A12"]
[WhiteElo "2270"]
[BlackElo "2199"]
[Annotator "TA"]
[PlyCount "143"]
[EventDate "2022.04.14"]
[EventType "tourn"]
[EventCountry "USA"]
[SourceTitle "playchess.com"]
[Source "ChessBase"]
[SourceQuality "1"]
[TimeControl "5400+30"]

1. c4 c6 2. Nf3 Nf6 3. e3 d5 4. b3 Bf5 5. Bb2 e6 6. Be2 h6 7. O-O Be7 8. cxd5 {[%emt 0:04:28] [#] A12: English Opening: 1...c6 with b3 by White.} Qxd5 $146 ({Better is} 8... exd5 $15 9. Bxf6 Bxf6) ({Predecessor:} 8... exd5 9. d3 O-O 10. a3 Nbd7 11. Nbd2 a5 12. Qc2 Re8 13. Rfe1 Bg6 14. Bf1 Bd6 15. Bc3 Ng4 {1-0 (38) Spata,G (2290)-Mollo,J (2073) Tornelo INT 2021}) 9. Nc3 Qd8 10. d4 {[%emt 0:05:58] The position is equal.} O-O 11. Rc1 Nbd7 12. Bd3 Bxd3 13. Qxd3 Re8 14. Rfd1 Nd5 15. Ne2 Qc7 16. g3 Rad8 17. e4 Nb4 18. Qb1 Qb8 19. a3 Na6 20. Nf4 Bd6 21. Nd3 c5 $1 22. Qa1 cxd4 23. Bxd4 Bf8 24. b4 b6 $1 25. Qb2 Qb7 26. Qe2 Rc8 27. Bb2 Nab8 28. Nfe5 Nxe5 29. Nxe5 Rxc1 30. Rxc1 Nd7 31. Qb5 Nf6 {[%emt 0:00:06] [#]} 32. Ng4 $1 Nd7 33. Rd1 Re7 34. Qd3 Nb8 35. Qc3 f6 {[%emt 0:04:27] [#]} (35... Qxe4 {feels hotter.} 36. Nxh6+ Kh7 37. f3 Qe2) 36. Nxf6+ $1 gxf6 37. Qxf6 Qxe4 $2 {[%emt 0:02:32] This move loses the game for Black.} (37... Bg7 $11 38. Qg6 Qc8) 38. Rd8 $1 $40 {[%emt 0:02:42][%csl LRb8,LRe7,LRf8,LRh6][%mdl 128] White attacks with force.} Qe1+ 39. Kg2 {[%emt 0:00:05] The board is on fire.} Qe4+ 40. Kh3 Qf5+ 41. Qxf5 exf5 42. Rxb8 {[%emt 0:00:02][%mdl 4096] Endgame KRB-KRB} Kf7 43. Bd4 Bg7 44. Be3 Bb2 {[%emt 0:01:05] [#]} 45. a4 (45. Bxh6 $6 Bxa3 46. Kg2 Kg6 $16) 45... Kg6 (45... Bc3 {was worth a try.} 46. a5 (46. Bxh6 Kg6 $16) 46... bxa5) 46. a5 Be5 47. Rg8+ Kf7 48. Ra8 ({Much less strong is} 48. axb6 axb6 49. Rc8 Re6 $18) 48... Bc3 49. Rb8 ({But not} 49. Bxh6 $6 bxa5 50. bxa5 Bxa5 $16) 49... Bxb4 (49... bxa5 {might work better.} 50. bxa5 a6 51. Bxh6 Bxa5) 50. axb6 a5 (50... axb6 51. Rxb6 Bc3 52. Rxh6 Bg7) 51. Bxh6 {[%emt 0:03:12] Black must now prevent Bf8.} Ke6 52. Bf4 {[%emt 0:01:15] b7 is the strong threat.} a4 $2 (52... Kd5 53. Kg2 (53. b7 Kc6 $16) 53... Kc6) 53. Ra8 {[%emt 0:00:58] And now Ra7 would win.} a3 54. Ra7 {[%emt 0:00:41] Against Rb7} Bc5 55. Rxe7+ Bxe7 {[%emt 0:01:10] KB-KB} 56. b7 a2 {[%emt 0:00:04] [#]} 57. b8=Q (57. Be5 $142 $1 Bd6 58. Bxd6) 57... a1=Q 58. Qc8+ (58. Qg8+ $142 Kd7 59. Qd5+ Ke8 60. Qb5+ Kd8 61. Qd5+ Ke8 62. Qxf5) 58... Kf7 59. Qxf5+ Ke8 60. Qb5+ Kf7 61. Qd5+ Ke8 62. Kg2 Qc3 63. h4 Qg7 64. Qe6 Kd8 65. h5 Bf6 66. Qd6+ Ke8 67. Qb8+ Bd8 68. Qb5+ {[%emt 0:00:13] White mates.} Kf8 69. Bd6+ Kg8 70. Qe8+ Kh7 71. Qxd8 Qb7+ 72. Kh2 {[%emt 0:00:08] Weighted Error Value: White=0.27 (precise) /Black=0.33} 1-0

[Event "New York Spring IM-C 2022"]
[Site "New York"]
[Date "2022.04.18"]
[Round "7.1"]
[White "Dolgitser, Konstantin"]
[Black "Lee, Justin"]
[Result "1/2-1/2"]
[ECO "D45"]
[WhiteElo "2199"]
[BlackElo "2104"]
[Annotator "TA"]
[PlyCount "40"]
[EventDate "2022.04.14"]
[EventType "tourn"]
[EventCountry "USA"]
[SourceTitle "playchess.com"]
[Source "ChessBase"]
[SourceQuality "1"]
[TimeControl "5400+30"]

1. d4 d5 2. c4 c6 3. Nc3 Nf6 4. e3 e6 5. Nf3 Nbd7 6. Be2 Bd6 7. b3 O-O 8. O-O Qe7 9. Bb2 b6 10. Qc2 Bb7 11. Rad1 Rad8 12. Rfe1 Rfe8 13. Bd3 {[%emt 0:03:16] D45: Semi-Slav: 5 e3.} e5 14. e4 {[%emt 0:07:44] [#] Not much happened in this game.} {Predecessor:} dxc4 $146 15. Bxc4 b5 16. Bf1 a6 17. g3 g6 18. Bg2 exd4 19. Nxd4 b4 20. Na4 c5 {½-½ (34) Zhao,X (2510)-Harika,D (2526) Chengdu 2016} 1/2-1/2

[Event "New York Spring IM-C 2022"]
[Site "New York"]
[Date "2022.04.18"]
[Round "7.2"]
[White "Antova, Gabriela"]
[Black "Chasin, Nico"]
[Result "0-1"]
[ECO "D39"]
[WhiteElo "2304"]
[BlackElo "2270"]
[Annotator "TA"]
[PlyCount "52"]
[EventDate "2022.04.14"]
[EventType "tourn"]
[EventCountry "USA"]
[SourceTitle "playchess.com"]
[Source "ChessBase"]
[SourceQuality "1"]
[TimeControl "5400+30"]

1. d4 Nf6 2. c4 e6 3. Nf3 d5 4. Nc3 Bb4 5. Bg5 dxc4 6. e4 c5 7. Bxc4 cxd4 8. Nxd4 Qa5 (8... Bxc3+ $5 9. bxc3 Nbd7 $14) 9. Bb5+ {[%emt 0:07:27] D39: Queen's Gambit Declined: Ragozin Defence with 5 Bg5 dxc4.} Bd7 10. Bxf6 gxf6 11. O-O {[%emt 0:55:53] White is slightly better.} Bxc3 12. Bxd7+ Nxd7 13. bxc3 a6 14. Qd2 (14. Rb1 $5 b6 15. Qd2 $14) 14... Rc8 15. Rac1 {[%emt 0:00:00] [#]} (15. Rfd1 $5 Qc7 16. Qe3 $11) 15... Ke7 $146 ({Predecessor:} 15... Rg8 16. f4 Nc5 17. Rfe1 Rd8 18. Qe2 Qc7 19. Rf1 e5 20. fxe5 fxe5 21. Qh5 Nd3 {0-1 (43) Zoebisch,H (2145)-Wittmann,W (2274) Vienna 2009}) 16. f4 Rhg8 17. Rf3 Nc5 18. Qe1 (18. Re1 $11 {remains equal.}) 18... Qxa2 $17 19. Rc2 Qc4 20. e5 {[%emt 0:00:00] [#]} f5 21. Qh4+ Kf8 22. Rd2 (22. Qxh7 $17 {was called for.} Nb3 23. Nxb3 Qxb3 24. Qh6+ Ke8 25. Qh7) 22... Ne4 $1 $19 23. Nxf5 $2 {[%emt 0:00:00] Loses the game.} (23. Rdd3 $17) 23... Qc5+ {[%emt 0:01:32] Black is clearly winning.} ({Worse is} 23... exf5 24. Rd8+ Rxd8 25. Qxd8+ Kg7 26. Rg3+ Nxg3 27. Qf6+ Kf8 28. Qd8+ Kg7 29. Qf6+ Kf8 30. Qd8+ Kg7 $11) 24. Kh1 {[%emt 0:00:00] [#] Threatening mate with Rd8+.} exf5 ({And not} 24... Nxd2 25. Rd3 exf5 26. Rd8+ Rxd8 27. Qxd8+ Kg7 28. Qf6+ Kf8 29. Qd8+ Kg7 30. Qf6+ Kf8 31. Qd8+ $11) 25. Rd8+ Rxd8 26. Qxd8+ Kg7 {[%emt 0:00:01] Weighted Error Value: White=0.75/Black=0.03 (flawless)} 0-1

[Event "New York Spring IM-C 2022"]
[Site "New York"]
[Date "2022.04.18"]
[Round "7.3"]
[White "Jakovljevic, Vlado"]
[Black "Rozman, Levy"]
[Result "1/2-1/2"]
[ECO "D25"]
[WhiteElo "2352"]
[BlackElo "2334"]
[Annotator "TA"]
[PlyCount "141"]
[EventDate "2022.04.14"]
[EventType "tourn"]
[EventCountry "USA"]
[SourceTitle "playchess.com"]
[Source "ChessBase"]
[SourceQuality "1"]
[TimeControl "5400+30"]

1. Nf3 d5 2. d4 Nf6 3. c4 dxc4 4. e3 Bg4 5. Bxc4 e6 6. h3 Bh5 7. Nc3 Nc6 {[%emt 0:00:55] D25: Queen's Gambit Accepted: 4 e3: sidelines and 4...Bg4.} 8. O-O Bd6 9. Re1 O-O {[%emt 0:00:34] White is slightly better.} 10. g4 Bg6 11. e4 {[%emt 0:00:43] Black must now prevent e5.} e5 12. dxe5 {[%emt 0:01:09] [#]} (12. d5 {seems wilder.} Na5 13. Bf1 c6 14. Bg5) 12... Bxe5 $146 (12... Nxe5 $11 13. Nxe5 Bxe5) ({Predecessor:} 12... Nxe5 13. Nxe5 Bxe5 14. Qxd8 Rfxd8 15. f3 c6 16. Be3 Nd7 17. a4 h6 18. a5 b5 {½-½ (26) Boulanger,M (2211)-Stubbs,M (2237) ICCF email 2018}) 13. Nxe5 $16 Qxd1 (13... Nxe5 $142 14. Qe2 Qe7) 14. Rxd1 Nxe5 15. Be2 {[%emt 0:00:05] f4 is the strong threat. A strong pair of Bishops.} ({Stronger than} 15. Bd5 c6 16. Bb3 Nxe4 $11) 15... Nxe4 (15... Bxe4 $2 16. g5) (15... Nc6 $16 {was called for.}) 16. f4 $1 $18 Nc6 17. f5 Ng3 18. fxg6 Nxe2+ 19. Nxe2 fxg6 20. Kg2 Rae8 21. Ng3 h5 (21... Ne5 $142 22. Be3 b6) 22. gxh5 gxh5 23. h4 ({Much less strong is} 23. Nxh5 $6 Re2+ 24. Kg3 Ne7) 23... Ne5 24. Bg5 Nf3 25. Rf1 Nxg5 26. Rxf8+ Rxf8 27. hxg5 $16 {[%emt 0:00:07][%mdl 4096] Endgame KRN-KR} Rf4 28. Nxh5 Rg4+ 29. Kf3 Rxg5 30. Nf4 Rc5 31. Rg1 Ra5 32. a3 Kf7 33. Nd3 Rh5 34. Rc1 c6 35. Ke4 Rh4+ 36. Ke5 Rh5+ 37. Kf4 Rh4+ 38. Kg3 Rd4 39. Rc3 Ke7 40. Kf3 Kd6 41. Ke2 Rg4 42. Nf2 Rg1 43. Rd3+ Ke6 44. Rd8 Rg5 45. Nd3 a5 46. Rb8 b5 47. Ra8 a4 48. Rc8 Kd6 49. Rb8 Kc7 (49... Kd5 $14) 50. Rf8 Kd6 51. Nf2 {[%emt 0:00:28] Threatens to win with Ne4+.} Kc7 52. Rf3 Rg1 53. Rf4 Rg6 (53... c5 $14) 54. Ke3 Rg3+ 55. Kd4 Kb6 {[%emt 0:00:05] [#]} (55... Rg2 $16 56. Nd3 Kb6) 56. Rg4 $1 $18 c5+ $2 (56... Rf3 57. Nd3 Rf6 58. Rxg7 Rd6+ 59. Ke4 Rh6) 57. Kd5 Rb3 {[%emt 0:00:15] [#]} 58. Rg6+ $1 Ka5 59. Kxc5 (59. Ne4 $18 Rh3 60. Rxg7) 59... Rxb2 $16 {[%emt 0:00:23] aiming for ...Rc2+.} 60. Nd3 (60. Ne4 $16 {And now Kc6 would win.} Rc2+ 61. Kd4) 60... Rb3 $11 {[%emt 0:01:10] The position is equal.} 61. Nb4 Rc3+ 62. Kd4 Rxa3 63. Nc6+ Kb6 64. Ne5+ Ka5 65. Rxg7 Ra2 66. Nc6+ Kb6 67. Rg6 {[%emt 0:00:07] Intending Nb4+ and mate.} Rh2 68. Nb4+ Ka5 69. Nc6+ (69. Kc5 $5 Rh5+ 70. Nd5 $11) 69... Kb6 70. Nb4+ Ka5 71. Nc6+ {[%emt 0:00:19] Black escapes into a draw.  Weighted Error Value: White=0.24 (precise) /Black=0.17 (very precise)} 1/2-1/2

[Event "New York Spring IM-C 2022"]
[Site "New York"]
[Date "2022.04.18"]
[Round "7.4"]
[White "Umayan, Vincent"]
[Black "Berczes, David"]
[Result "0-1"]
[ECO "E11"]
[WhiteElo "2043"]
[BlackElo "2452"]
[Annotator "TA"]
[PlyCount "66"]
[EventDate "2022.04.14"]
[EventType "tourn"]
[EventCountry "USA"]
[SourceTitle "playchess.com"]
[Source "ChessBase"]
[SourceQuality "1"]
[TimeControl "5400+30"]

1. d4 Nf6 2. Nf3 e6 3. c4 Bb4+ 4. Bd2 a5 5. g3 d5 6. Bxb4 {[%emt 0:10:37] E11: Bogo-Indian.} axb4 7. Nbd2 O-O 8. Bg2 {[%emt 0:01:28] The position is equal.} Qe7 9. O-O b6 10. Qc2 Bb7 11. Rfc1 {[%emt 0:14:59] [#]} Na6 $146 (11... Rc8 $11) ({Predecessor:} 11... Rc8 12. Ne5 c5 13. cxd5 exd5 14. Qf5 Nc6 15. Nxc6 Bxc6 16. e3 h6 {½-½ (16) Hodgson,J-Wells,P (2365) Edinburgh 1985}) 12. e3 c5 13. b3 (13. a4 $11) 13... Rfd8 $15 14. dxc5 Nxc5 15. Nd4 (15. Ne1 $15) 15... dxc4 (15... e5 $1 $17 16. Nb5 dxc4 17. bxc4 Bxg2 18. Kxg2 Nd3) 16. Nxc4 Bxg2 17. Kxg2 Qb7+ 18. Kg1 Nce4 {[%emt 0:04:30] aiming for ...Ng5.} 19. h4 {[%emt 0:05:03] [#] Against Ng5. White is now going downhill.} (19. Ne5 $11 {remains equal.}) 19... Rac8 $1 $17 {[%emt 0:00:53][%cal Oe6e5] &Nero is more active.} 20. Qe2 (20. f3 $17 {was necessary.} Nc3 21. Qg2) 20... Nc3 $19 21. Qf1 {[%emt 0:00:31] [#]} b5 $1 22. Na5 (22. Nd2 $142) 22... Qb6 23. Nac6 Rxc6 24. Nxc6 Qxc6 25. a3 (25. Rc2 $142 Qd5 26. Rac1) 25... Qf3 {[%emt 0:01:32] And now ...Ne2+ would win.} 26. Rc2 {[%emt 0:00:22] Prevents Ne2+.} Nfe4 {[%emt 0:01:23] White must now prevent ...bxa3.} 27. axb4 g5 28. hxg5 {[%emt 0:00:38] [#]} Nd2 $1 29. Qg2 (29. Qe1 Qd5) 29... Ne2+ {[%emt 0:00:31] Pair of Knights!} 30. Kh1 {[%emt 0:00:37] Strongly threatening Qxf3.} Qh5+ 31. Qh2 Qxg5 {[%emt 0:00:25] Threatens to win with ...Qf6.} 32. Qg2 Rd5 {[%emt 0:00:37] ( -> ...Qh5+)} 33. Rd1 Qh5+ {[%emt 0:00:11] Weighted Error Value: White=0.79/Black=0.16 (very precise)} 0-1

[Event "New York Spring IM-C 2022"]
[Site "New York"]
[Date "2022.04.18"]
[Round "7.5"]
[White "Ngo, Bach"]
[Black "Singh, Hersh"]
[Result "1-0"]
[ECO "D38"]
[WhiteElo "2306"]
[BlackElo "2084"]
[Annotator "TA"]
[PlyCount "91"]
[EventDate "2022.04.14"]
[EventType "tourn"]
[EventCountry "USA"]
[SourceTitle "playchess.com"]
[Source "ChessBase"]
[SourceQuality "1"]
[TimeControl "5400+30"]

1. d4 Nf6 2. Nf3 d5 3. c4 e6 4. Nc3 Bb4 5. Bg5 h6 6. Bxf6 Qxf6 7. Qa4+ Nc6 8. e3 O-O {[%emt 0:00:05] D38: Queen's Gambit Declined: Ragozin Defence (4 Nf3 Bb4).} 9. Be2 dxc4 10. O-O Bd7 {[%emt 0:00:46] The position is equal.} 11. Bxc4 (11. Qc2 {looks sharper.} Na5 12. Ne5 Qe7 13. Rfd1) 11... Bxc3 12. bxc3 Qe7 13. Be2 b6 14. Qc2 Na5 {[%emt 0:01:25] [#]} 15. e4 $146 ({Predecessor:} 15. Ne5 Rfd8 16. Qe4 Be8 17. Bd3 f5 18. Qf4 Nc6 19. e4 Qd6 20. Rad1 g5 21. Qf3 Nxe5 22. dxe5 Qxe5 23. exf5 exf5 24. Bxf5 {1-0 (39) Vidit,S (2726)-Gajewski,G (2616) Chess.com INT 2020}) 15... c5 16. d5 exd5 17. exd5 Bg4 18. Rfe1 Bxf3 19. Bxf3 Qf6 20. Re2 Nc4 21. Rae1 Nd6 22. Bg4 Rad8 {[%emt 0:08:25] Inhibits Bd7.} 23. h3 Rfe8 24. Qa4 Rxe2 25. Rxe2 Qxc3 26. Qxa7 Re8 27. Rxe8+ Nxe8 28. Qb8 Qe1+ 29. Kh2 {[%emt 0:00:07] Hoping for f4.} Kh7 30. Bf3 c4 31. Qxb6 c3 {[%emt 0:15:48] [#]} ({Black should play} 31... Qe5+ $14 32. g3 c3) 32. Qd4 $1 $16 Nf6 $2 {[%emt 0:04:08] Loses the game.} (32... Nd6 $14) 33. d6 $18 {[%emt 0:00:49] Threatens to win with d7.} Qe6 (33... Nd7 $142 34. a4 Kg8) 34. Qxc3 Qxd6+ 35. g3 Ne8 36. Kg2 Nc7 37. a4 g6 38. Qc4 Kg7 39. a5 {[%emt 0:00:10] Inhibits Qb6.} Qe5 40. a6 Nb5 (40... Qa5 $142 41. Qd4+ Kh7) 41. Bd5 Nc7 {[%emt 0:00:35] [#]} 42. a7 $1 Nxd5 (42... Qxd5+ 43. Qxd5) 43. a8=Q {[%emt 0:00:13] White wants to mate with Qcc8.} Ne3+ 44. fxe3 {[%emt 0:00:16] White mates.} Qb2+ 45. Kg1 Qb1+ 46. Qf1 {[%emt 0:00:11] Weighted Error Value: White=0.05 (flawless) /Black=0.49} 1-0

[Event "New York Spring IM-C 2022"]
[Site "New York"]
[Date "2022.04.18"]
[Round "8.1"]
[White "Lee, Justin"]
[Black "Singh, Hersh"]
[Result "1/2-1/2"]
[ECO "E27"]
[WhiteElo "2104"]
[BlackElo "2084"]
[Annotator "TA"]
[PlyCount "90"]
[EventDate "2022.04.14"]
[EventType "tourn"]
[EventCountry "USA"]
[SourceTitle "playchess.com"]
[Source "ChessBase"]
[SourceQuality "1"]
[TimeControl "5400+30"]

1. d4 Nf6 2. c4 e6 3. Nc3 Bb4 4. f3 O-O 5. a3 Bxc3+ 6. bxc3 Nh5 {[%emt 0:00:14] E27: Nimzo-Indian: Sämisch: 5...0-0 6 f3.} 7. Nh3 f5 8. Bg5 {[%emt 0:01:01] 8.e4 is the modern continuation.} Qe8 {[%emt 0:00:07] 8...Nf6 is not played anymore.} 9. e3 d6 10. Bd3 e5 {[%emt 0:01:51] [#]} 11. Kd2 $146 (11. O-O $15) ({Predecessor:} 11. O-O Nc6 12. Bh4 Bd7 13. Kh1 Kh8 14. f4 b6 15. d5 Na5 16. fxe5 dxe5 17. Ng5 {1-0 (26) Mamedyarov,S (2742)-Eljanov,P (2716) Moscow 2008}) 11... h6 $19 12. Bh4 f4 {[%emt 0:01:32] White must now prevent ...fxe3+.} 13. e4 Nc6 14. Bf2 Na5 15. Ke2 Be6 16. d5 Bd7 17. c5 Ba4 18. Qb1 Nb3 (18... b5 $17 {Black wants to play ...Nf6.} 19. c6 Qg6) 19. Ra2 $11 dxc5 {[%emt 0:06:31] Strongly threatening ...b5.} 20. Rb2 $1 b5 {[%emt 0:00:04] [#] Threatens to win with ...c4.} 21. Rxb3 (21. c4 $1 $11 bxc4 22. Bxc4 Nd4+ 23. Bxd4 cxd4 24. Rc1 (24. d6+ Kh8 $15)) 21... Bxb3 (21... c4 $1 $15 22. Bxc4 bxc4) 22. Bxc5 ({Of course not} 22. Qxb3 c4 23. Qd1 (23. Bxc4 $2 bxc4 24. Qxc4 Qg6 $19) 23... cxd3+ 24. Qxd3 Qg6 $19) 22... Bc4 {[%emt 0:00:25] And now ...Bxd3+ would win.} 23. Bxf8 {[%emt 0:01:58] Chess con chili. Active counter play!} Qxf8 24. Qb4 Bxd3+ 25. Kxd3 Qd6 26. Qxd6 (26. Qxb5 {seems wilder.} Qxa3 27. Qb7 Re8 28. Rb1) 26... cxd6 $14 {[%emt 0:00:01][%mdl 4096] Endgame KRN-KRN} 27. Rb1 a6 28. c4 Nf6 $1 29. cxb5 axb5 30. Rxb5 Rxa3+ 31. Ke2 Ra2+ 32. Kf1 Kf7 33. Rb7+ Kf8 34. Ng1 g5 35. Ne2 Ra3 36. h3 h5 37. Rb8+ (37. Nc1 {with more complications.} g4 38. Kf2 Rc3 39. Ne2) 37... Kf7 38. Rb7+ Kg6 39. Rb6 g4 40. hxg4 ({But not} 40. Rxd6 gxf3 41. Ng1 fxg2+ 42. Kxg2 Rg3+ 43. Kf1 Re3 $17) 40... hxg4 41. Rxd6 Ra1+ 42. Kf2 {[%emt 0:00:06] The position is equal.} g3+ 43. Nxg3 fxg3+ 44. Kxg3 Kg5 45. Re6 Nh5+ {[%emt 0:13:41] And White is the lucky defender.  Weighted Error Value: White=0.09 (flawless) /Black=0.15 (very precise)} 1/2-1/2

[Event "New York Spring IM-C 2022"]
[Site "New York"]
[Date "2022.04.18"]
[Round "8.2"]
[White "Berczes, David"]
[Black "Ngo, Bach"]
[Result "1/2-1/2"]
[ECO "D24"]
[WhiteElo "2452"]
[BlackElo "2306"]
[Annotator "TA"]
[PlyCount "43"]
[EventDate "2022.04.14"]
[EventType "tourn"]
[EventCountry "USA"]
[SourceTitle "playchess.com"]
[Source "ChessBase"]
[SourceQuality "1"]
[TimeControl "5400+30"]

1. d4 Nf6 2. c4 e6 3. Nf3 d5 4. Nc3 dxc4 5. e3 a6 6. a4 b6 {[%emt 0:00:29] D24: Queen's Gambit Accepted: 3 Nf3 Nf6 4 Nc3.} 7. Bxc4 Bb7 {[%emt 0:00:13] Against e4} 8. O-O Bb4 9. Qb3 Qe7 10. d5 Bxc3 11. dxe6 Bb4 12. exf7+ Kf8 {[%emt 0:00:10] [#] And now ...Bxf3 would win.} 13. Nd4 {[%emt 0:00:07] Ne6+ is the strong threat.} b5 14. axb5 axb5 15. Rxa8 {[%emt 0:00:11] Dancing on a razor blade.} Bxa8 {[%emt 0:00:08] [#]} 16. Bxb5 $146 {[%emt 0:00:15] [#] Black must now prevent Ne6+.} (16. Be6 $5 c5 17. Nxb5 $11) ({Predecessor:} 16. Nxb5 Nc6 17. Qa4 Bb7 18. Rd1 g5 19. h4 Qe4 20. b3 gxh4 21. Nxc7 {½-½ (21) Pohlig,B (2183)-Hoffmann,F (2279) ICCF email 2013}) 16... Bd5 {[%emt 0:09:38] Inhibits Ne6+. The position is equal.} 17. Bc4 Bxc4 18. Qxc4 {[%emt 0:00:06] Hoping for Qb3.} Bd6 $1 19. Ne6+ Kxf7 20. Nxc7+ Kg6 21. Qd3+ Kf7 $1 22. Qc4+ {[%emt 0:02:24] An even fight not without its subleties.  Weighted Error Value: White=0.04 (flawless) /Black=0.01 (flawless)} 1/2-1/2

[Event "New York Spring IM-C 2022"]
[Site "New York"]
[Date "2022.04.18"]
[Round "8.3"]
[White "Rozman, Levy"]
[Black "Umayan, Vincent"]
[Result "1-0"]
[ECO "D00"]
[WhiteElo "2334"]
[BlackElo "2043"]
[Annotator "TA"]
[PlyCount "63"]
[EventDate "2022.04.14"]
[EventType "tourn"]
[EventCountry "USA"]
[SourceTitle "playchess.com"]
[Source "ChessBase"]
[SourceQuality "1"]
[TimeControl "5400+30"]

1. d4 d5 2. Bf4 Nf6 3. Nc3 e6 4. e3 a6 5. g4 Bd6 6. Qf3 {[%emt 0:02:02] D00: 1 d4 d5: Unusual lines.} Bxf4 7. exf4 c5 8. dxc5 {[%emt 0:01:08] White is slightly better.} Qa5 {[%emt 0:00:53] [#] aiming for ...d4.} 9. O-O-O Nc6 {[%emt 0:11:08] [#]} 10. Kb1 $146 ({Predecessor:} 10. g5 Ne4 11. Nge2 Nxc5 12. f5 Bd7 13. h4 O-O-O 14. h5 b5 15. Bg2 b4 16. Nxd5 exd5 17. Rxd5 {0-1 (29) Canty,J (2201)-Xu,G (2231) New York 2022}) 10... O-O 11. Bd3 ({Better is} 11. Nge2 $14) 11... e5 $11 12. fxe5 Nxe5 13. Qf4 Nxd3 (13... Bxg4 $11 14. f3 (14. Qxe5 Bxd1 15. Nxd1 Rfe8 $15) 14... Nxd3 15. Rxd3 Bh5) 14. Rxd3 $14 {[%emt 0:00:43] b4 is the strong threat.} Qxc5 15. f3 Be6 (15... Re8 $14) 16. Nge2 $16 Rac8 17. h4 b5 {[%emt 0:05:09] [#] And now ...b4 would win.} 18. Nd4 b4 19. Nce2 Rfe8 20. Rg1 Kh8 21. Rg2 a5 22. h5 ({White should play} 22. Rd1 $16) 22... Qc7 ({Black should try} 22... h6 $1 $14) 23. h6 Qxf4 24. hxg7+ Kg8 $1 25. Nxf4 Bxg4 {[%emt 0:00:35] ( -> ...Re1+)} 26. Rd1 {[%emt 0:00:33] Against Re1} Bd7 27. Rg5 {[%emt 0:00:11] Against Re5} (27. b3 $16) 27... Rc5 (27... h6 $14 28. Rg2 (28. Nxd5 hxg5 29. Nxf6+ Kxg7 $16) 28... Re5) 28. b3 {[%emt 0:00:50] Hoping for Rh1. &Bianco is more active.} a4 (28... h6 $16 29. Rg2 Rcc8) 29. Nd3 $40 {[%emt 0:00:44][%mdl 128] Black is in trouble. Pair of Knights!} Ra5 30. Nxb4 h6 31. Rg2 Re5 $2 (31... axb3 32. axb3 (32. cxb3 Nh5 $18) 32... Nh5) 32. Nbc6 {[%emt 0:00:19] Weighted Error Value: White=0.13 (very precise) /Black=0.26 (precise)} 1-0

[Event "New York Spring IM-C 2022"]
[Site "New York"]
[Date "2022.04.18"]
[Round "8.5"]
[White "Dolgitser, Konstantin"]
[Black "Antova, Gabriela"]
[Result "0-1"]
[ECO "D45"]
[WhiteElo "2199"]
[BlackElo "2304"]
[Annotator "TA"]
[PlyCount "84"]
[EventDate "2022.04.14"]
[EventType "tourn"]
[EventCountry "USA"]
[SourceTitle "playchess.com"]
[Source "ChessBase"]
[SourceQuality "1"]
[TimeControl "5400+30"]

1. d4 d5 2. c4 c6 3. Nc3 Nf6 4. e3 e6 5. Nf3 Nbd7 6. Be2 Bd6 7. b3 O-O 8. O-O b6 {[%emt 0:05:55] D45: Semi-Slav: 5 e3.} 9. Bb2 Bb7 10. Re1 Ne4 {[%emt 0:08:28] The position is equal.} 11. Nxe4 dxe4 12. Nd2 {[%emt 0:00:07] [#]} c5 $146 ({Resist} 12... Qh4 13. g3 Qe7 14. Nxe4 $16) ({Predecessor:} 12... f5 13. a4 a5 14. Ba3 c5 15. Nb1 Rf6 16. g3 Qe7 17. Nc3 Rd8 18. Nb5 Bb8 {1-0 (39) Reuker,J (2401)-Goldbeck,L (2273) Berlin 2020}) 13. Qc2 f5 14. g3 Qg5 15. Bf1 Nf6 {[%emt 0:04:56] &Nero is much more active. The white rooks are badly placed.} 16. Bg2 Rad8 (16... cxd4 $17 17. exd4 Rac8) 17. Rad1 Rd7 (17... cxd4 $15 18. exd4 Rc8) 18. dxc5 $11 bxc5 19. Bxf6 ({White should play} 19. b4 $11) 19... Qxf6 $15 ({Don't play} 19... gxf6 20. f3 $11) 20. Nb1 Rfd8 21. Rd2 Bc6 22. Red1 g5 23. Nc3 Qg7 24. Nb5 Be5 25. Rxd7 Rxd7 26. Rd2 h5 27. Qd1 a6 28. Na3 h4 29. Rxd7 Bxd7 30. Nc2 Bc7 ({Black should try} 30... Qe7 $15) 31. Qa1 (31. b4 $11 {keeps the balance.}) 31... Qxa1+ $17 32. Nxa1 {[%emt 0:00:02][%mdl 4096] Endgame KBB-KBN} Be8 33. a3 $2 {[%emt 0:03:56][%mdl 8192] [#] This move loses the game for White.} (33. gxh4 $17 {is tougher.} gxh4 34. f3) 33... hxg3 $19 {[%emt 0:01:34] Black is clearly winning.} 34. hxg3 Bh5 35. b4 Bd1 {[%emt 0:00:04] Prevents Nb3.} 36. bxc5 Kf7 37. c6 Ke7 38. c5 Be5 39. Bf1 Bxa1 40. c7 Kd7 41. Bxa6 Kxc7 42. Bc4 e5 {[%emt 0:02:03] Weighted Error Value: White=0.44/Black=0.13 (very precise)} 0-1